 Dungeon Crawl Stone Soup version 0.26-a0-631-ged93497179 (webtiles) character file.

Game seed: 794873500557270186

3084 Murumi the Fighter (level 9, -9/101 HPs)
             Began as an Ogre Conjurer on Sept 13, 2020.
             Was an Initiate of Okawaru.
             Mangled by a manticore (10 damage)
             ... on level 7 of the Dungeon.
             The game lasted 00:49:51 (10650 turns).

Murumi the Fighter (Ogre Conjurer)                 Turns: 10650, Time: 00:49:52

Health: -9/101     AC:  3    Str: 16    XL:     9   Next: 89%
Magic:  13/13      EV: 11    Int: 19    God:    Okawaru [......]
Gold:   188        SH:  0    Dex:  7    Spells: 11/14 levels left

rFire    . . .     SeeInvis .   m - +0 whip (freeze)
rCold    + . .     Faith    .   (no shield)
rNeg     . . .     Spirit   .   a - +0 robe
rPois    .         Reflect  .   (helmet restricted)
rElec    .         Harm     .   A - scarf {+Inv}
rCorr    +         Rampage  .   (gloves unavailable)
MR       .....                  (boots unavailable)
Stlth    ++........             (no amulet)
HPRegen  0.26/turn              d - ring of resist corrosion
MPRegen  0.13/turn              j - ring of protection from cold

@: no status effects
A: large, unfitting armour, tough skin 1
a: Renounce Religion, Evoke Invisibility


You were on level 7 of the Dungeon.
You worshipped Okawaru.
Okawaru was noncommittal.
You visited 2 branches of the dungeon, and saw 8 of its levels.
You also visited: Sewer.

You collected 378 gold pieces.
You spent 190 gold pieces at shops.

Inventory:

Hand Weapons
 i - a +4 flail of holy wrath
 m - a +0 whip of freezing (weapon)
 y - a +0 giant club of freezing
 D - a +0 giant spiked club
Missiles
 b - 109 stones
 c - 6 javelins (quivered)
 k - 2 silver boomerangs
 r - 16 poisoned darts
 s - 6 boomerangs
Armour
 a - a +0 robe (worn)
 A - a scarf of invisibility (worn)
Jewellery
 d - a ring of resist corrosion (left hand)
 j - a ring of protection from cold (right hand)
 C - an uncursed amulet of regeneration
Wands
 q - a wand of paralysis (11)
 t - a wand of polymorph (11)
 x - a wand of disintegration (19)
Scrolls
 e - a scroll of blinking
 g - a scroll of magic mapping
 n - a scroll of fear
 w - 2 scrolls of teleportation
Potions
 f - a potion of stabbing
 h - 7 potions of curing
 l - 2 potions of magic
 o - 2 potions of flight
 p - 3 potions of brilliance
 u - 3 potions of might
 z - 2 potions of haste
 B - 2 potions of heal wounds
Miscellaneous
 E - a phial of floods (inert)


   Skills:
 + Level 9.9 Fighting
 - Level 5.0 Maces & Flails
 - Level 6.0 Throwing
 - Level 5.0 Dodging
 - Level 2.0 Stealth
 - Level 3.0 Spellcasting
 - Level 4.0 Conjurations
 - Level 3.0 Invocations
 - Level 2.0 Evocations


You had 11 spell levels left.
You knew the following spells:

 Your Spells              Type           Power        Failure   Level
a - Magic Dart            Conj           ###.         3%          1
b - Searing Ray           Conj           ###...       4%          2

Your spell library contained the following spells:

 Spells                   Type           Power        Failure   Level
 Corona                   Hex            #......      16%         1
 Conjure Flame            Conj/Fire      ##......     21%         3
 Dazzling Flash           Conj/Hex       ##....       21%         3
 Blink                    Tloc           N/A          22%         2
 Call Imp                 Summ           #.......     22%         2
 Ensorcelled Hibernation  Hex/Ice        #.....       22%         2
 Slow                     Hex            #.......     22%         2
 Mephitic Cloud           Conj/Pois/Air  #.......     26%         3
 Confusing Touch          Hex            #.......     41%         3
 Tukima's Dance           Hex            #.......     41%         3
 Fulminant Prism          Conj/Hex       ##........   54%         4
 Iskenderun's Mystic Bla  Conj/Tloc      ##......     54%         4
 Animate Dead             Necr           #.........   83%         4
 Borgnjor's Vile Clutch   Necr/Erth      #.........   99%         5
 Death Channel            Necr           #.........   100%        6
 Simulacrum               Ice/Necr       #.........   100%        6


Dungeon Overview and Level Annotations

Branches:
Dungeon (7/15)             Temple (1/1) D:7           Sewer (visited)

Altars:
Ashenzari
Cheibriados
Dithmenos
Elyvilon
Fedhas
Gozag
Hepliaklqana
Kikubaaqudgha
Makhleb
Nemelex Xobeh
Okawaru
Qazlal
Ru
Sif Muna
Trog
Uskayaw
Vehumet
Wu Jian
Xom
Yredelemnul
Zin
The Shining One

Shops:
D:6 *   D:7 *

Annotations:
D:7 4 runed translucent doors


Innate Abilities, Weirdness & Mutations

You are too large for most types of armour.
You have tough skin. (AC +1)


Message History

Okay, then.
Evoke which item? (* to show all) (? for menu, Esc to quit)
Aiming: Paralyse
Press: ? - help, Shift-Dir - straight line, f/p - manticore
Aim: a manticore (almost dead, chance to defeat MR: 34%)
Okay, then.
Quiver which item? (- for none, * to show all) (? for menu, Esc to quit)
Quivering
c - 7 javelins for throwing.
Throwing (i - inventory. (/) - cycle)
c - 7 javelins (quivered)
Press: ? - help, Shift-Dir - straight line, f/p - manticore
Aim: a manticore (almost dead)
You throw a javelin.
The javelin pierces through the manticore but does no damage.
The manticore is almost dead.
You feel sick.
You are no longer poisoned.
The manticore closely misses you. The manticore claws you!
* * * LOW HITPOINT WARNING * * *
The manticore claws you!
You die...

...#8..$c8#..####
..+......+.....#
#.+.....Z+.###.#
#.#8....8#.# #..
#.####.##8$}8##^####.
#.#.....######.....#.
#...###'# #'###...
#..##.#)# ###...##..
#..#@#.## #.##.#.#..
#..#H### #.#.##.#(.
#..#.# #.##.#.#..
#..#.# #..###.#..
#..##. ####.รท).##..
#...######..######...
###..................
###################


You could see a manticore.

Vanquished Creatures
  A hornet (D:7)
  Prince Ribbit (D:5)
  Edmund (D:5)
  The ghost of haldagan the Skirmisher, an amateur OgDe of Cheibriados (D:5)
  5 ice beasts
  A sky beast (D:6)
  5 ogres
  2 centaurs (D:7)
  A crocodile (Sewer)
  Blork the orc (D:5)
  A bullfrog (D:6)
  3 scorpions
  A howler monkey (D:4)
  3 hounds
  2 jellies (D:3)
  3 orc priests
  10 orc wizards
  An iguana (D:6)
  5 worker ants
  A hound skeleton (D:5)
  6 adders
  A white imp (D:7)
  10 oozes
  3 ufetubi
  2 adder skeletons
  A worm (D:3)
  A dart slug (D:4)
  5 leopard geckos
  27 orcs
  6 ball pythons
  5 bats
  6 giant cockroaches
  7 goblins
  8 hobgoblins
  9 jackals
  5 quokkas
  6 frilled lizards
  20 kobolds
  12 rats
189 creatures vanquished.

Vanquished Creatures (others)
  6 fungi (D:3)
  7 toadstools (D:3)
13 creatures vanquished.

Grand Total: 202 creatures vanquished

Notes
Turn   | Place    | Note
-------+----------+-------------------------------------------
     0 | D:1      | Murumi the Ogre Conjurer began the quest for the Orb.
     0 | D:1      | Reached XP level 1. HP: 16/16 MP: 3/3
   259 | D:1      | Reached XP level 2. HP: 24/24 MP: 1/5
   348 | D:1      | Learned a level 2 spell: Searing Ray
   864 | D:1      | Reached XP level 3. HP: 31/31 MP: 5/7
  1488 | D:2      | Reached skill level 1 in Fighting
  2085 | D:2      | Reached skill level 2 in Fighting
  2085 | D:2      | Reached XP level 4. HP: 37/42 MP: 4/8
  2259 | D:3      | Reached skill level 1 in Maces & Flails
  2708 | D:3      | Found a sparkling altar of Nemelex Xobeh.
  2727 | D:3      | Reached skill level 3 in Fighting
  2818 | D:3      | Found a glowing drain.
  2827 | Sewer    | Entered a sewer
  3040 | Sewer    | Noticed a crocodile
  3050 | Sewer    | Killed a crocodile
  3050 | Sewer    | Reached skill level 4 in Fighting
  3050 | Sewer    | Reached XP level 5. HP: 55/55 MP: 1/9
  3699 | D:3      | Reached skill level 5 in Fighting
  3743 | D:3      | Reached XP level 6. HP: 61/66 MP: 8/10
  3763 | D:3      | Reached skill level 1 in Evocations
  4689 | D:4      | Reached skill level 6 in Fighting
  4689 | D:4      | Reached skill level 1 in Throwing
  4807 | D:4      | Reached XP level 7. HP: 70/75 MP: 7/11
  4940 | D:4      | Found a white marble altar of Elyvilon.
  5289 | D:4      | Found a glowing golden altar of the Shining One.
  5289 | D:4      | Found a stormy altar of Qazlal.
  5290 | D:4      | Found a basalt altar of Yredelemnul.
  5478 | D:5      | Entered Level 5 of the Dungeon
  5631 | D:5      | Noticed Blork the orc
  5642 | D:5      | Killed Blork the orc
  5767 | D:4      | Found a shimmering blue altar of Sif Muna.
  5808 | D:5      | Found a sacrificial altar of Ru.
  5966 | D:5      | Noticed Prince Ribbit
  6181 | D:5      | Reached skill level 7 in Fighting
  6186 | D:5      | Reached XP level 8. HP: 78/87 MP: 4/12
  6346 | D:5      | Noticed Edmund
  6363 | D:5      | Killed Edmund
  6363 | D:5      | Reached skill level 8 in Fighting
  6624 | D:5      | Found a runed translucent door.
  6637 | D:5      | Noticed haldagan's ghost (amateur OgDe)
  6751 | D:5      | Killed Prince Ribbit
  6751 | D:5      | Reached skill level 5 in Throwing
  7370 | D:5      | Killed haldagan's ghost
  7370 | D:5      | Reached skill level 9 in Fighting
  7594 | D:6      | Reached XP level 9. HP: 70/98 MP: 2/13
  8048 | D:6      | Found Zats's Assorted Antiques.
  8057 | D:6      | Bought a scroll labeled RUTTITT JEMEU for 32 gold pieces
  8058 | D:6      | Bought a scroll of identify for 64 gold pieces
  8058 | D:6      | Bought an emerald potion for 28 gold pieces
  8612 | D:6      | Reached skill level 5 in Maces & Flails
  9354 | D:7      | Reached skill level 5 in Dodging
  9513 | D:7      | Found a staircase to the Ecumenical Temple.
  9520 | Temple   | Entered the Ecumenical Temple
  9663 | Temple   | Became a worshipper of Warmaster Okawaru
  9984 | D:7      | Found Fuf Rappe's Assorted Antiques.
 10023 | D:7      | Bought a scroll labeled HORAJA DIUSKU for 33 gold pieces
 10023 | D:7      | Bought a scroll labeled SOGRAT ZEC YHO for 33 gold pieces
 10251 | D:7      | Found a large runed translucent door.
 10252 | D:7      | Found a large runed translucent door.
 10256 | D:7      | Found a large runed translucent door.
 10256 | D:7      | Found a large runed translucent door.
 10298 | D:7      | Reached skill level 1 in Invocations
 10611 | D:7      | Noticed a hornet
 10614 | D:7      | Paralysed by a hornet for 1 turns
 10614 | D:7      | Noticed a manticore
 10629 | D:7      | Killed a hornet
 10650 | D:7      | HP: 1/101 [manticore (13)]
 10650 | D:7      | Mangled by a manticore

Illustrated notes

Levels and vault maps discovered:
D:1:      wander_arrival_lonely_grave, layout_loops_corners, roderic_lattice_a
D:2:      layout_basic
D:3:      cheibrodos_fertilizer, layout_basic,
          nemelex_xobeh_ov_fountains_minmay, portal_sewer_entry_e
D:4:      lemuel_upstairs_altar, layout_basic, nicolae_overflow_crystal_walls,
          gammafunk_temple_overflow_claw
D:5:      layout_loops_ring, lemuel_doored_altar, ebering_ghost_inner_flame,
          uniq_blork_the_orc, uniq_prince_ribbit1, uniq_edmund
D:6:      layout_loops_ring, serial_shops, nicolae_shop_overgrown_old_shop
D:7:      layout_basic, minmay_temple_entry_mini_moons, serial_shops,
          shop_statue, minmay_hollow_rounded_squares
Temple:   eino_temple_rhombus

Skill      XL: |  1  2  3  4  5  6  7  8  9 |
---------------+----------------------------+-----
Dodging        | 2 3 5 |  5.0
Conjurations   | 4 |  4.0
Spellcasting   | 3 |  3.0
Stealth        | 2 |  2.0
Fighting       | 2 4 5 6 7 9 |  9.9
Maces & Flails | 2 3 4 5 |  5.0
Evocations     | 1 2 |  2.0
Throwing       | 2 4 5 6 |  6.0
Invocations    | 3 |  3.0

Action                   |  1- 3 |  4- 6 |  7- 9 || total
-------------------------+-------+-------+-------++-------
Melee: Mace              |     3 |    35 |       ||    38
       Whip              |       |    90 |   277 ||   367
       Flail             |       |       |     8 ||     8
Throw: Javelin           |       |     1 |     1 ||     2
       Stone             |       |     7 |   107 ||   114
       Dart              |       |       |    10 ||    10
       Throwing net      |       |       |     1 ||     1
 Cast: Magic Dart        |    70 |    95 |       ||   165
       Searing Ray       |     1 |     8 |    49 ||    58
Evoke: Wand              |       |       |     6 ||     6
       Phial of floods   |       |       |     1 ||     1
  Use: Scroll            |     8 |     5 |    11 ||    24
       Potion            |       |       |     1 ||     1
 Stab: Sleeping          |     1 |       |     3 ||     4
       Paralysed         |       |       |    25 ||    25
Armor: Robe              |     4 |    45 |    70 ||   119
       Skin              |       |       |     8 ||     8
Dodge: Dodged            |     9 |    65 |   165 ||   239

Table legend: (Time is in decaauts)
 A = Elapsed time spent in this place.
 B = Non-inter-level travel time spent in this place.
 C = Inter-level travel time spent in this place.
 D = Time resting spent in this place.
 E = Time spent auto-exploring this place.
 F = Levels seen in this place.
 G = Mean time per level.
                   A        B        C        D        E       F      G
               +--------+--------+--------+--------+--------+-----+--------+
         Total |  10647 |   9670 |    977 |    158 |   7787 |   9 | 1183.0 |
       Dungeon |  10127 |   9176 |    951 |    158 |   7350 |   7 | 1446.7 |
        Temple |    159 |    134 |     25 |      0 |    133 |   1 |  159.0 |
         Sewer |    360 |    360 |      0 |      0 |    304 |   1 |  360.0 |
               +--------+--------+--------+--------+--------+-----+--------+

Top non-repeatable levels by time:
     D:5: 1918 daAuts
     D:3: 1676 daAuts
     D:7: 1550 daAuts
     D:1: 1393 daAuts
     D:4: 1376 daAuts
     D:6: 1368 daAuts
     D:2: 842 daAuts
   Sewer: 360 daAuts
  Temple: 159 daAuts
